 Dungeon Crawl Stone Soup version 0.25-a0-513-ge77a69270c (webtiles) character file.

Game seed: 14466166615358821847, levelgen mode: deterministic

114 mopl the Skirmisher (level 4, 0/38 HPs)
             Began as a Barachi Fighter on Feb 16, 2020.
             Killed by nerve-wracking pain
             ... invoked by Grinder
              (7 damage)
             ... while paralysed by Grinder
             ... on level 3 of the Dungeon.
             The game lasted 00:02:23 (2146 turns).

mopl the Skirmisher (Barachi Fighter)               Turns: 2146, Time: 00:02:24

Health: 0/38       AC: 12    Str: 19    XL:     4   Next: 97%
Magic:  4/4        EV:  2    Int:  8    God:
Gold:   162        SH:  0    Dex: 11    Spells: 3/3 levels left

rFire    . . .     SeeInvis .   a - +0 war axe
rCold    . . .     Gourm    .   c - +0 kite shield
rNeg     . . .     Faith    .   h - +0 chain mail
rPois    .         Spirit   .   y - +0 helmet
rElec    .         Reflect  .   j - +0 cloak
rCorr    .         Harm     .   (no gloves)
MR       .....                  (no boots)
Stlth    ..........             (no amulet)
HPRegen  0.12/turn              (no ring)
MPRegen  0.09/turn              (no ring)

@: paralysed, slow
A: +LOS, swims, slowness 1, strong legs 1
a: Hop


You were on level 3 of the Dungeon.
You were not hungry.

You visited 1 branch of the dungeon, and saw 3 of its levels.

You collected 162 gold pieces.

Inventory:

Hand Weapons
 a - a +0 war axe (weapon)
Missiles
 k - 32 poisoned darts (quivered)
 n - 31 arrows
 p - 8 atropa-tipped darts
 x - 21 bolts
Armour
 c - a +0 kite shield (worn)
 h - a +0 chain mail (worn)
 j - a +0 cloak (worn)
 y - a +0 helmet (worn)
Scrolls
 b - 4 scrolls of teleportation {unknown}
 g - 3 scrolls of remove curse
 i - 2 scrolls of blinking {unknown}
 m - 2 scrolls of enchant weapon {unknown}
 u - a scroll of enchant armour {unknown}
Potions
 d - 2 potions of might
 e - a potion of lignification {!q}
 l - a potion of mutation {!q}
 o - 3 potions of degeneration {unknown}
 q - a potion of curing
 r - 2 potions of magic {unknown}
 s - a potion of cancellation
 t - a potion of ambrosia {unknown}
 v - a potion of resistance {unknown}
 w - a potion of heal wounds {unknown}
Comestibles
 f - 8 rations


   Skills:
 + Level 4.5 Fighting
 * Level 4.1 Axes
 + Level 4.5 Armour
 - Level 3.2 Shields


You had 3 spell levels left.
You didn't know any spells.
Your spell library was empty.

Dungeon Overview and Level Annotations

Branches:
Dungeon (3/15)

Altars:
Nemelex Xobeh

Annotations:
D:3 Grinder


Innate Abilities, Weirdness & Mutations

You can be seen from farther away. (+LOS)
You can swim through water.
You cover ground slowly.
You can hop short distances.


Message History

You hit Grinder but do no damage.
Grinder is moderately wounded.
You block Grinder's attack.
You hit Grinder.
Grinder is heavily wounded.
Grinder hits you. You block Grinder's attack.
You closely miss Grinder.
Grinder is heavily wounded.
Grinder hits you.
You writhe in agony.
You closely miss Grinder.
Grinder is heavily wounded.
Grinder gestures at you.
You suddenly lose the ability to move!
Grinder gestures at you. Pain shoots through your body!
* * * LOW HITPOINT WARNING * * *
Grinder hits you but does no damage. x2
Grinder gestures at you. Pain shoots through your body!
You die...

#. #.# ##### #. #.#
####.... #.
####.###....... #.
#.........#.### #.
#.##.###..#...(
#.###.##.# #.......
#........# #.##....
#........# #.......
##@##.##.# ####.##.
#5##<.#.# #....
#.###.#.# ####. #.#
#.#.# ##' #.###.#.#
##.. #...>...#
##... ### #.#.##
##....
#####....####.....
.>.......รท..'.....


You could see Grinder.

Vanquished Creatures
  A hound (D:2)
  Terence (D:2)
  An adder (D:2)
  A worm (D:3)
  4 dart slugs
  A leopard gecko (D:3)
  4 bats
  A giant cockroach (D:2)
  7 goblins
  5 hobgoblins
  4 kobolds
  A quokka (D:3)
  A ball python (D:2)
  2 frilled lizards (D:2)
  7 rats
41 creatures vanquished.

Notes
Turn   | Place    | Note
-------+----------+-------------------------------------------
     0 | D:1      | mopl the Barachi Fighter began the quest for the Orb.
     0 | D:1      | Reached XP level 1. HP: 18/18 MP: 1/1
   285 | D:1      | Reached XP level 2. HP: 18/25 MP: 2/2
   784 | D:2      | Reached skill level 3 in Axes
   822 | D:2      | Reached skill level 4 in Fighting
   822 | D:2      | Reached skill level 4 in Armour
   822 | D:2      | Reached XP level 3. HP: 30/30 MP: 3/3
  1001 | D:2      | Found a sparkling altar of Nemelex Xobeh.
  1017 | D:2      | Reached XP level 4. HP: 14/37 MP: 4/4
  1487 | D:2      | Noticed Terence
  1502 | D:2      | Killed Terence
  1531 | D:2      | Reached skill level 4 in Axes
  2134 | D:3      | Noticed Grinder
  2142 | D:3      | Paralysed by Grinder for 6 turns
  2146 | D:3      | Killed from afar by Grinder

Levels and vault maps discovered:
D:1:      lemuel_arrival_tunnels, layout_loops_corners
D:2:      kennysheep_six_static_rooms, layout_basic,
          nemelex_xobeh_ov_fountains_minmay, nicolae_underground_beach,
          uniq_terence
D:3:      layout_loops_corners, lemuel_doored_altar, uniq_grinder

Skill      XL: |  1  2  3  4 |
---------------+-------------+-----
Axes           | 3 4 |  4.1
Fighting       | 4 |  4.5
Armour         | 4 |  4.5
Shields        | |  3.2

Action                   |  1- 3 |  4- 6 || total
-------------------------+-------+-------++-------
Melee: War axe           |    54 |    88 ||   142
  Use: Scroll            |       |     5 ||     5
  Eat: Chunk             |       |     5 ||     5
Armor: Chain mail        |    29 |    31 ||    60
       Scale mail        |     2 |       ||     2
Dodge: Dodged            |     5 |    13 ||    18
Block: Kite shield       |    30 |    43 ||    73

Table legend:
 A = Non-vault XP
 B = Vault XP
 C = Vault XP percentage of total XP
 D = Non-vault monster count
 E = Vault monster count
 F = Vault count percentage of total count
                 A         B        C        D         E       F
            +---------+---------+-------+---------+---------+-------
      Total |     117 |      46 |  28.2 |      34 |       7 |  17.1
            +---------+---------+-------+---------+---------+-------
        D:1 |      26 |       0 |   0.0 |      15 |       0 |   0.0
        D:2 |      78 |      46 |  37.1 |      14 |       7 |  33.3
        D:3 |      13 |       0 |   0.0 |       5 |       0 |   0.0
            +---------+---------+-------+---------+---------+-------
